cohdb
Replays
Latest Replays
All Replays
Popular Replays
Top Player Replays
Match Explorer
How It Works
Community
CoH3 Stats
Reddit
Sign in to upload your games and track your stats! →
Sign in with Steam
Match 41297813
Unlisted
Match 41297813
Overview
Messages
Build Orders
End
Kradschützen Motorcycle Team
250 Light Carrier
Selects Armored Support Battlegroup
Construct Light Support Kompanie
Assault Grenadier Squad
Fire Support Elements
Selects Superior Fire Drills
Vehicle Survival Package
le.IG 18 Mechanized Group
Flakvierling Half-track
le.IG 18 Support Gun Team
Construct Panzerarmee Kommand
Tungsten Core Ammunition
Emergency Repair Kits
Panzerjäger Mechanized Group
Panzer III L Medium Tank
Selects Salvage Kits
Selects Panzer Storm
Panzer III L Medium Tank
Panzerjäger Mechanized Group
Selects Stuka Anti-tank Loiter
Rapid Advance
Ocelot
Ivii18
Bran
DrewP
0
0
Comments
sign in to comment!
No comments posted yet!